 Dungeon Crawl Stone Soup version 0.29-a0-322-g68df515428 (webtiles) character file.

Game seed: 9810264895577556543

2219 Cecur the Magician (level 9, -9/52 HPs)
             Began as an Octopode Earth Elementalist on Apr 7, 2022.
             Was a Priest of Nemelex Xobeh.
             Killed from afar by Maggie (26 damage)
             ... with a bolt of fire
             ... on level 7 of the Dungeon.
             The game lasted 00:11:48 (6164 turns).

Cecur the Magician (Octopode Earth Elementalist)    Turns: 6164, Time: 00:11:49

Health: -9/52      AC:  1    Str:  7    XL:     9   Next: 35%
Magic:  16/20      EV: 13    Int: 19    God:    Nemelex Xobeh [***...]
Gold:   297        SH:  0    Dex: 15    Spells: 18/22 levels left

rFire   . . .      SeeInvis .   (no weapon)
rCold   . . .      Faith    .   (no shield)
rNeg    . . .      Spirit   .   (helmet restricted)
rPois   .          Reflect  .   h - amulet of magic regeneration
rElec   .          Harm     .   (no ring)
rCorr   .          Rampage  .   (no ring)
Will    .....                   (no ring)
Stlth   ++++......              (no ring)
HPRegen 0.17/turn               (no ring)
MPRegen 0.57/turn               (no ring)
                                (no ring)
                                (no ring)

@: very slightly contaminated
A: almost no armour, amphibious, 8 rings, camouflage 1, gelatinous body 1,
(nimble swimmer 1), tentacles
a: Renounce Religion, Draw Escape, Draw Destruction, Draw Summoning, Triple Draw


You were on level 7 of the Dungeon.
You worshipped Nemelex Xobeh.
Nemelex Xobeh was most pleased with you.
You visited 1 branch of the dungeon, and saw 7 of its levels.

You collected 297 gold pieces.

Inventory:

Missiles
 a - 97 stones
Armour
 c - an orb of light
Jewellery
 h - an amulet of magic regeneration (around mantle)
 w - an amulet of faith
Wands
 u - a wand of mindburst (14)
 y - a wand of flame (23)
Scrolls
 d - 2 scrolls of fear {unknown}
 f - 2 scrolls of fog {unknown}
 j - 6 scrolls of teleportation {unknown}
 k - 9 scrolls of identify {unknown}
 l - a scroll of magic mapping {unknown}
 m - a scroll of summoning {unknown}
 n - 2 scrolls of enchant weapon {unknown}
 p - 3 scrolls of enchant armour {unknown}
 s - a scroll of silence {unknown}
Potions
 b - a potion of magic
 e - 5 potions of curing {unknown}
 g - a potion of berserk rage {unknown}
 i - 2 potions of might
 o - a potion of haste {unknown}
 q - 3 potions of attraction {unknown}
 r - 2 potions of resistance {unknown}
 t - a potion of brilliance {unknown}
 v - a potion of heal wounds {unknown}
 x - a potion of degeneration {unknown}
 z - a potion of cancellation {unknown}
 A - a potion of invisibility {unknown}
 B - 2 potions of mutation {unknown}


   Skills:
 + Level 0.6 Fighting
 + Level 2.6 Dodging
 + Level 4.1 Stealth
 + Level 0.7 Unarmed Combat
 + Level 7.3 Spellcasting
 * Level 4.4 Conjurations
 + Level 1.0 Transmutations
 + Level 6.6 Earth Magic
 * Level 4.7 Invocations


You had 18 spell levels left.
You knew the following spells:

 Your Spells              Type           Power      Damage    Failure   Level
a - Sandblast             Erth           64%        2d14      1%          1
b - Stone Arrow           Conj/Erth      54%        3d10      3%          3

Your spell library contained the following spells:

 Spells                   Type           Power      Damage    Failure   Level
 Passwall                 Tmut/Erth      17%        N/A       3%          2
 Petrify                  Tmut/Erth      21%        N/A       21%         4
 Ozocubu's Armour         Ice            6%         N/A       28%         3
 Irradiate                Conj/Tmut      8%         3d16      65%         5
 Blade Hands              Tmut           5%         N/A       87%         5
 Dragon Form              Tmut           5%         N/A       100%        7
 Ozocubu's Refrigeration  Ice            3%         4d5       100%        7


Dungeon Overview and Level Annotations

Branches:
Dungeon (7/15)             Temple (0/1) D:7

Altars:
Nemelex Xobeh
The Shining One

Shops:
D:1 *   D:4 *

Annotations:
D:7 Maggie


Innate Abilities, Weirdness & Mutations

You cannot wear most types of armour.
You are amphibious.
You can wear up to eight rings at the same time.
Your skin changes colour to match your surroundings (Stealth+).
Your rubbery body absorbs attacks. (AC +1, EV +1)
((You are camouflaged when in or above water. (Stealth+)))
You have tentacles for arms and can constrict up to eight enemies at once.


Message History

Maggie the Vainglorious comes into view.
She is wielding a +0 halberd.
Found a bubbling black potion.
You can't see any susceptible monsters within range! (Use Z to cast anyway.)
Casting: Sandblast (safe; 1% risk of failure)
Confirm with . or Enter, or press ? or * to list all spells.
Aiming: Stone Arrow (dangerous; 3% risk of failure)
Press: ? - help, Shift-Dir - straight line, f - Maggie
Aim: Maggie, wielding a +0 halberd and wearing +0 swamp dragon scales (asleep, 100% to hit)
The stone arrow hits Maggie!
Maggie is moderately wounded.
Maggie shouts!
You hear a shout! x2
The blast of sand hits Maggie.
Maggie is moderately wounded.
The blast of sand hits Maggie!
Maggie is heavily wounded.
Maggie closely misses you.
A gnoll comes into view. It is wielding a +0 flail.
You miscast Sandblast.
You are very lightly contaminated with residual magic.
Nothing appears to happen.
Maggie barely misses you.
The blast of sand hits Maggie but does no damage.
Maggie is heavily wounded.
Maggie hits you from afar with a +0 halberd.
The blast of sand hits Maggie.
Maggie is heavily wounded.
Maggie points at you and mumbles some strange words.
The bolt of fire hits you!
A gnoll comes into view. It is wielding a +0 whip.
The blast of sand hits Maggie.
Maggie is heavily wounded.
Maggie says, "Leave now, and tell all of Margery's mercy!"
Maggie misses you.
The blast of sand hits Maggie.
Maggie is heavily wounded.
Maggie hits you from afar with a +0 halberd!!
Maggie points at you and mumbles some strange words.
The bolt of fire hits you!!
Ouch! That really hurt!
You die...
Your body glows with a rainbow of weird colours and disappears.

#######........<..##
#...##....#.### .#
#..†...........##.#
##............#...# ##
##..........##..#.. .###
#.....#..#........! ...##
#..÷.##.###........
##..####....#.>#.#.@......
##.......##.#..@.g..g...#
##....##.....#######....
##...#####.## . ##.##
#..## #.# #.#.# #.#
##...#######.
##.####.###........
#..##<#.#.........#
#...##.##.........#


You could see Maggie and 2 gnolls.

Vanquished Creatures
  Grinder (D:5)
  Sigmund (D:2)
  2 water moccasins (D:5)
  An ice beast (D:6)
  3 sky beasts
  An ogre (D:6)
  A phantom (D:4)
  A centaur (D:7)
  A bullfrog (D:7)
  3 necrophages
  4 scorpions
  4 killer bees (D:7)
  A howler monkey (D:7)
  2 hounds (D:5)
  A jelly (D:6)
  An orc priest (D:6)
  An iguana (D:5)
  2 orc wizards (D:5)
  3 gnolls (D:2)
  7 adders
  A shadow imp (D:6)
  A white imp (D:6)
  2 worms
  4 dart slugs
  6 orcs
  7 ball pythons
  6 bats
  10 endoplasms
  3 giant cockroaches
  9 hobgoblins
  6 kobolds
  3 quokkas
  3 frilled lizards (D:1)
  6 goblins
  3 rats
111 creatures vanquished.

Vanquished Creatures (others)
  6 plants (D:4)
6 creatures vanquished.

Grand Total: 117 creatures vanquished

Notes
Turn   | Place    | Note
-------+----------+-------------------------------------------
     0 | D:1      | Cecur the Octopode Earth Elementalist began the quest for
                  | the Orb.
     0 | D:1      | Reached XP level 1. HP: 11/11 MP: 3/3
   163 | D:1      | Reached XP level 2. HP: 17/17 MP: 1/5
   536 | D:1      | Found a faded altar of an unknown god.
   545 | D:1      | Prayed at the altar of an unknown god.
   545 | D:1      | Became a worshipper of Nemelex Xobeh the Trickster
   545 | D:1      | Reached * piety under Nemelex Xobeh
   610 | D:1      | Received a gift from Nemelex Xobeh
   615 | D:1      | Found Huisac's General Store.
   864 | D:1      | Reached XP level 3. HP: 21/21 MP: 4/6
  1273 | D:1      | Learned a level 3 spell: Stone Arrow
  1403 | D:2      | Reached XP level 4. HP: 27/27 MP: 5/8
  1405 | D:2      | Reached skill level 3 in Spellcasting
  1511 | D:2      | Found a glowing golden altar of the Shining One.
  1621 | D:2      | Reached ** piety under Nemelex Xobeh
  1652 | D:2      | Noticed Sigmund
  1668 | D:2      | Killed Sigmund
  1669 | D:2      | Reached skill level 1 in Conjurations
  1669 | D:2      | Reached skill level 1 in Invocations
  1669 | D:2      | Reached XP level 5. HP: 12/31 MP: 7/10
  1669 | D:2      | Reached XP level 6. HP: 14/36 MP: 7/11
  2061 | D:2      | Received a gift from Nemelex Xobeh
  2552 | D:3      | Reached skill level 4 in Spellcasting
  2917 | D:3      | Noticed a sky beast
  2929 | D:3      | Killed a sky beast
  3108 | D:4      | Received a gift from Nemelex Xobeh
  3181 | D:4      | Reached XP level 7. HP: 34/41 MP: 10/13
  3275 | D:4      | Found Veriqima's Assorted Antiques.
  3637 | D:4      | Reached skill level 5 in Earth Magic
  4115 | D:5      | Entered Level 5 of the Dungeon
  4221 | D:5      | Reached skill level 5 in Spellcasting
  4245 | D:5      | Reached *** piety under Nemelex Xobeh
  4335 | D:5      | Reached XP level 8. HP: 37/46 MP: 12/16
  4531 | D:5      | Noticed Grinder
  4671 | D:5      | Paralysed by Grinder for 3 turns
  4678 | D:5      | Killed Grinder
  4679 | D:5      | Reached skill level 6 in Spellcasting
  5228 | D:6      | Reached XP level 9. HP: 52/52 MP: 15/19
  5318 | D:6      | Received a gift from Nemelex Xobeh
  5738 | D:7      | Reached skill level 7 in Spellcasting
  5800 | D:7      | Found a staircase to the Ecumenical Temple.
  6151 | D:7      | Noticed Maggie
  6164 | D:7      | Killed from afar by Maggie

Illustrated notes

Levels and vault maps discovered:
D:1:      amcnicky_arrival_choice, layout_loops_ring, serial_shops,
          nicolae_shop_statue_plus,
          dreamdust_ecumenical_altar_hidden_monk_grotto
D:2:      layout_basic, basic_altar, serial_aquarium,
          aquarium_bridge_long_joined [aquarium_subvault_balcony,
          aquarium_subvault_balcony, aquarium_subvault_wall,
          aquarium_subvault_balcony, aquarium_subvault_bridge,
          aquarium_subvault_window], aquarium_bridge_square
          [aquarium_subvault_bridge, aquarium_subvault_bridge,
          aquarium_subvault_wall, aquarium_subvault_wall],
          aquarium_window_corridor_2, aquarium_window_2, aquarium_view_2f,
          aquarium_balcony_3b, aquarium_pool_2, minmay_misc_feat_iff,
          uniq_sigmund
D:3:      layout_rooms, minmay_door_square
D:4:      layout_basic, serial_shops, shop, columned_hall_lemuel,
          serial_bayou_pond_a
D:5:      layout_basic, uniq_grinder
D:6:      layout_loops_ring
D:7:      layout_layer_cave, temple_pool_b, enter_bailey_6,
          ebering_ghost_reflecting_pool, uniq_menkaure, uniq_maggie

Skill      XL: |  1  2  3  4  5  6  7  8  9 |
---------------+----------------------------+-----
Stealth        | 3 4 |  4.1
Spellcasting   | 3 4 5 6 7 |  7.3
Earth Magic    | 4 5 6 |  6.6
Conjurations   | 1 2 3 4 |  4.4
Invocations    | 1 2 3 4 |  4.7
Fighting       | |  0.6
Dodging        | |  2.6
Unarmed Combat | |  0.7
Transmutations | |  1.0

Action                   |  1- 3 |  4- 6 |  7- 9 || total
-------------------------+-------+-------+-------++-------
Melee: Unarmed           |    18 |    13 |       ||    31
       Tentacles         |     4 |     3 |       ||     7
       Constrict         |     5 |     3 |       ||     8
 Cast: Sandblast         |    43 |    48 |   110 ||   201
       Stone Arrow       |       |       |     1 ||     1
 Stab: Sleeping          |       |     2 |       ||     2
Armor: Skin              |     5 |     1 |     1 ||     7
Dodge: Dodged            |    16 |    16 |    30 ||    62

Table legend: (Time is in decaauts)
 A = Elapsed time spent in this place.
 B = Non-inter-level travel time spent in this place.
 C = Inter-level travel time spent in this place.
 D = Time resting spent in this place.
 E = Time spent auto-exploring this place.
 F = Levels seen in this place.
 G = Mean time per level.
                   A        B        C        D        E       F      G
               +--------+--------+--------+--------+--------+-----+--------+
         Total |   6162 |   6060 |    102 |      0 |   5352 |   7 |  880.3 |
       Dungeon |   6162 |   6060 |    102 |      0 |   5352 |   7 |  880.3 |
               +--------+--------+--------+--------+--------+-----+--------+

Top non-repeatable levels by time:
     D:1: 1333 daAuts
     D:2: 1090 daAuts
     D:4: 1006 daAuts
     D:5: 952 daAuts
     D:3: 683 daAuts
     D:6: 664 daAuts
     D:7: 430 daAuts
